Map: Ruins of Seras

Players

YangBang

  • Race: Terran Terran
  • League: Grandmaster

Tweezy

  • Race: Terran Terran
  • League: Grandmaster

SticklerMac

  • Race: Protoss Protoss
  • League: Grandmaster

FUNERALNICK

  • Race: Protoss Protoss
  • League: Grandmaster

VOD

Have the link to the VOD?

Description

Time

  • Played on: June 10, 2015, 8:43 p.m.
  • Length: 13:02
Show
View Real Time Build Order
Export as new Build Order

YangBang Terran 

Build Orders:  

Get SALT Encoding   

  12  0:01  SCV  
  13  0:13  SCV  
  14  0:18  Supply Depot  
  14  0:26  Refinery  
  14  0:28  SCV  
  15  0:40  SCV  
  16  0:47  Barracks  
  16  0:52  SCV  
  17  1:04  SCV  
  18  1:11  Barracks  
  18  1:16  SCV  
  19  1:25  Supply Depot  
  19  1:34  Reaper  
  20  1:42  Orbital Command  
  20  1:59  Reaper  
  21  2:06  Reaper  
  22  2:13  SCV  
  23  2:22  Factory  
  23  2:30  Marine  
  23  2:31  SCV  
  25  2:44  SCV, Barracks Tech Lab  
  26  2:55  Marine  
  27  3:00  Supply Depot  
  27  3:03  SCV  
  27  3:04  Marauder  
  30  3:07  Factory Tech Lab  
  30  3:11  Refinery  
  30  3:13  Marine  
  30  3:16  Command Center  
  31  3:22  SCV  
  31  3:23  Supply Depot  
  31  3:38  Siege Tank  
  34  3:43  SCV  
  35  3:54  Supply Depot  
  35  3:56  Barracks Reactor  
  35  3:57  SCV  
  35  4:01  Marauder  
  37  4:11  SCV  
  37  4:12  Supply Depot  
  38  4:23  SCV  
  39  4:28  Barracks  
  39  4:29  Barracks  
  39  4:30  Orbital Command  
  39  4:33  Starport  
  39  4:35  SCV  
  39  4:36  Marine x2  
  40  4:54  SCV  
  40  4:55  Siege Tank  
  40  4:56  Marine  
  40  4:57  Marine, Marauder  
  41  5:14  SCV  
  41  5:16  Bunker, Marine x2  
  41  5:17  Marine x2  
  44  5:26  SCV  
  39  5:36  Marine  
  39  5:37  Marine  
  39  5:38  Marauder, Marine x2  
  46  5:50  SCV  
  46  5:52  Siege Tank  
  46  5:53  Medivac  
  46  5:56  Orbital Command  
  51  5:59  Bunker  
  51  6:02  SCV  
  52  6:06  Supply Depot  
  52  6:14  SCV  
  53  6:26  SCV, Bunker  
  53  6:28  Bunker  
  54  6:34  Barracks Reactor, Siege Tank  
  54  6:35  Barracks Reactor, SCV  
  58  6:44  SCV  
  58  6:46  Marauder, Marine x2  
  62  6:49  SCV  
  62  6:52  Supply Depot x2  
  64  6:55  Supply Depot  
  64  6:57  SCV  
  65  7:01  SCV  
  65  7:04  Marine  
  65  7:06  Refinery  
  67  7:09  SCV, Starport Reactor  
  67  7:10  Siege Tank  
  67  7:11  Marine x2  
  67  7:12  Marine x3, Marauder  
  67  7:13  SCV  
  79  7:15  Supply Depot  
  79  7:22  Supply Depot  
  79  7:37  SCV x2, Marine x4  
  79  7:38  Marauder  
  79  7:39  Stimpack  
  87  7:55  SCV x2  
  87  7:57  Refinery  
  89  7:59  Marine x5  
  89  8:00  Marine  
  89  8:01  Marauder  
  97  8:07  SCV x2  
  99  8:13  Siege Tank  
  99  8:14  Medivac  
  99  8:19  SCV x2, Marine  
  107  8:20  Marine x5  
  107  8:21  Command Center  
  107  8:23  Marauder  
  107  8:26  Supply Depot  
  112  8:28  Supply Depot  
  112  8:31  SCV  
  112  8:33  Engineering Bay  
  110  8:36  Engineering Bay  
  110  8:46  Medivac x2  
  110  8:49  Supply Depot  
  95  9:02  Armory  
  77  9:15  Marauder  
  77  9:16  Marine x2, Medivac x2  
  77  9:17  Marine x3  
  81  9:18  Marine  
  85  9:26  SCV x2  
  87  9:34  Marine x3  
  87  9:35  Marine x2  
  87  9:36  Marine  
  87  9:37  Marauder  
  87  9:38  SCV x2  
  97  9:40  Combat Shields  
  97  9:41  Terran Infantry Weapons Level 1  
  97  9:42  Terran Infantry Armor Level 1  
  97  9:46  Medivac x2  
  97  9:50  SCV  
  97  9:51  Terran Vehicle Armor Level 1  
  97  9:52  SCV, Marine  
  104  9:56  Supply Depot x2  
  104  9:58  Marauder  
  106  10:02  SCV  
  106  10:05  Missile Turret  
  106  10:06  Missile Turret  
  107  10:12  Sensor Tower, Missile Turret  
  107  10:15  SCV x2  
  107  10:16  Planetary Fortress  
  109  10:26  Marine x5  
  109  10:27  SCV x2, Marine x2  
  118  10:45  Marauder  
  118  10:47  Missile Turret x3  
  118  10:48  SCV  
  118  10:49  SCV  
  122  10:50  Marine x3  
  122  10:51  Marine x2  
  122  10:52  Marine  
  128  10:57  Refinery  
  128  10:58  Refinery  
  128  11:00  Viking x2  
  128  11:01  SCV x2  
  133  11:06  Marine  
  133  11:08  Starport x2  
  134  11:17  SCV x2  
  136  11:19  Missile Turret  
  136  11:20  SCV  
  136  11:21  Sensor Tower  
  136  11:25  Marauder  
  139  11:26  Marine x6  
  139  11:29  SCV x2, Siege Tank  
  139  11:31  Medivac  
  152  11:44  Marine x2  
  152  11:46  Marauder  
  156  11:49  SCV x2  
  156  11:50  Command Center, SCV  
  159  11:57  Marine x4  
  159  12:01  SCV, Medivac  
  166  12:02  Marine  
  166  12:07  Marauder  
  169  12:21  Marine  
  169  12:22  Marine  
  171  12:40  Starport  
  173  12:58  Supply Depot  
Show
View Real Time Build Order
Export as new Build Order

Tweezy Terran 

Build Orders:  

Get SALT Encoding   

  12  0:01  Probe  
  13  0:24  Probe  
  14  0:30  Pylon  
  14  0:47  Probe  
  15  0:57  Probe  
  16  1:05  Probe  
  17  1:30  Probe  
  18  1:36  Nexus  
  18  1:38  Probe  
  18  1:40  Pylon  
  18  1:41  Gateway  
  18  1:43  Assimilator  
  19  1:48  Probe  
  19  1:52  Assimilator  
  20  2:00  Probe  
  21  2:05  Gateway  
  21  2:12  Probe  
  22  2:29  Cybernetics Core  
  22  2:33  Gateway  
  22  2:36  Zealot  
  22  2:37  Pylon  
  23  2:46  Probe  
  23  2:50  Zealot  
  24  2:58  Warp Gate  
  26  3:07  Mothership Core  
  28  3:22  Adept  
  32  3:49  Adept  
  32  3:53  Probe x2  
  34  4:00  Adept  
  34  4:02  Probe x2  
  35  4:07  Adept  
  39  4:35  Probe  
  39  4:40  Probe  
  39  4:43  Probe  
  41  4:45  Gateway  
  41  4:46  Sentry  
  44  4:54  Pylon  
  44  5:08  Probe  
  44  5:09  Probe  
  48  5:14  Pylon  
  48  5:25  Gateway  
  48  5:26  Probe  
  46  5:29  Gateway  
  46  5:30  Gateway, Probe  
  46  5:34  Probe  
  45  5:49  Probe  
  46  5:51  Probe  
  47  5:58  Probe  
  47  5:59  Probe  
  49  6:06  Probe  
  49  6:08  Probe  
  49  6:10  Assimilator  
  50  6:12  Pylon  
  50  6:13  Assimilator  
  50  6:16  Pylon  
  51  6:20  Probe  
  52  6:26  Probe  
  52  6:30  Probe  
  53  6:35  Probe  
  53  6:36  Twilight Council  
  55  6:46  Forge  
  55  6:47  Probe, Forge  
  55  6:51  Probe  
  57  6:56  Sentry x2  
  57  6:57  Sentry x5  
  57  6:59  Probe  
  72  7:05  Nexus  
  72  7:07  Probe, Stargate  
  72  7:09  Stargate  
  73  7:15  Probe  
  73  7:16  Protoss Ground Weapons Level 1, Protoss Ground Armor Level 1  
  74  7:43  Phoenix  
  76  7:56  Pylon, Shield Upgrade  
  76  7:59  Pylon  
  76  8:00  Pylon  
  76  8:03  Assimilator  
  76  8:08  Assimilator  
  76  8:14  Probe x2, Phoenix x2  
  82  8:20  Zealot x3  
  82  8:25  Adept  
  82  8:26  Adept  
  86  8:28  Stalker x4  
  86  8:29  Stalker  
  86  8:32  Probe x2  
  96  8:36  Probe  
  96  8:39  Phoenix  
  96  8:41  Probe  
  101  8:43  Phoenix  
  93  8:48  Probe  
  93  8:59  Charge  
  93  9:01  Void Ray  
  93  9:04  Mothership Core, Phoenix  
  93  9:07  Probe x2  
  99  9:16  Probe x2  
  103  9:24  Probe  
  103  9:28  Probe x2  
  106  9:33  Photon Cannon  
  106  9:37  Protoss Ground Weapons Level 2  
  106  9:38  Pylon  
  106  9:42  Protoss Air Weapons Level 1  
  106  9:43  Pylon x2  
  106  9:45  Photon Cannon  
  106  9:48  Photon Cannon  
  106  9:51  Probe x2  
  108  9:53  Probe  
  108  9:56  Nexus  
  108  9:58  Templar Archives  
  108  9:59  Pylon  
  109  10:00  Pylon  
  109  10:01  Pylon  
  109  10:03  Protoss Ground Armor Level 2  
  109  10:06  Pylon  
  109  10:26  Probe, Assimilator  
  111  10:28  Probe x2  
  111  10:30  Assimilator  
  111  10:34  Photon Cannon  
  112  10:37  Photon Cannon  
  112  10:39  Photon Cannon  
  112  10:52  Dark Shrine  
  112  10:54  Probe x3  
  115  10:57  Photon Cannon  
  115  10:59  Photon Cannon  
  115  11:06  Probe  
  116  11:12  Robotics Facility  
  116  11:13  Robotics Facility  
  116  11:18  Fleet Beacon  
  116  11:21  Void Ray x2  
  116  11:32  Robotics Facility  
  124  11:57  Tempest  
  124  12:06  Tempest  
  124  12:08  Probe x4  
  135  12:09  Robotics Bay  
  135  12:15  Warp Prism  
  136  12:17  Zealot x7  
  136  12:20  Probe x2  
Show
View Real Time Build Order
Export as new Build Order

SticklerMac Protoss 

Build Orders:  

Get SALT Encoding   

Show
View Real Time Build Order
Export as new Build Order

FUNERALNICK Protoss 

Build Orders:  

Get SALT Encoding   

Tags
 
Add a new tag
Caveats
  • Supply blocks, unpowered buildings, or Contaminate may cause inaccurate times.
  • Supply counts are checked every 10 seconds.